AoeStats
← hondayu

Arabia

510523611Analyzed
4v4 RM · 2d ago on Oct 1, 2026· 54m 0s· 8 players
Game mode
Random Map
Map size
Large (8 player)
Population
200
Speed
Normal
Resources
Standard
Victory
Conquest
Starting age
Dark Age
Ending age
Imperial Age
RankedLock teamsTeams togetherTeam positionsShared explorationLock speedFull tech treeHidden civsTurbo modeCheats
Victory
Defeat
🇨🇳 Mongols · China
933
+11
🇨🇳 Burgundians · China
835
+15
🇨🇳 Persians · China
826
+15
🇨🇳 Saracens · China
806
+16
🇵🇹 Malay · Portugal
896
-18
🇨🇳 Khitans · China
876
-17
🇧🇪 Burgundians · Belgium
767
-12
🇨🇳 Saxons · China
701
-10
阿炳弟弟
11:43 Feudal Age
12:10 Double-Bit Axe
12:29 Stone Mining
14:26 Gold Mining
16:17 Wheelbarrow
18:45 Horse Collar
21:56 Castle Age
20:03 Fletching
20:57 Forging
21:22 Bloodlines
21:27 Padded Archer Armor
21:59 Scale Barding Armor
23:19 Heavy Plow
23:52 Bow Saw
25:06 Husbandry
25:10 Murder Holes
25:47 Bodkin Arrow
28:03 Scale Mail Armor
28:38 Iron Casting
28:21 Leather Archer Armor
29:53 Gold Shaft Mining
29:56 Ballistics
33:07 Thumb Ring
37:44 Imperial Age
36:29 Chain Barding Armor
39:25 Chemistry
39:14 Conscription
40:17 Bracer
41:18 Blast Furnace
41:57 Elite Mangudai
最长一枪
5:57 Double-Bit Axe
8:17 Loom
10:51 Feudal Age
9:10 Horse Collar
14:55 Wheelbarrow
15:05 Scale Barding Armor
18:21 Bow Saw
19:23 Heavy Plow
19:59 Forging
22:59 Castle Age
24:13 Hand Cart
23:26 Cavalier
24:07 Husbandry
27:49 Iron Casting
31:13 Chain Barding Armor
31:08 Gold Mining
32:33 Gold Shaft Mining
33:12 Two-Man Saw
33:15 Scale Mail Armor
34:59 Squires
34:20 Pikeman
36:01 Stone Mining
36:22 Murder Holes
36:48 Ballistics
44:14 Light Cavalry
50:46 Imperial Age
49:42 Burgundian Vineyards
52:57 Paladin
HBNUVHTFGHYHUGY
10:26 Feudal Age
15:58 Castle Age
15:48 Double-Bit Axe
15:47 Horse Collar
21:52 Heavy Plow
22:47 Bow Saw
25:40 Wheelbarrow
28:02 Stone Mining
28:03 Gold Mining
30:23 Gold Shaft Mining
30:20 Hand Cart
30:34 Scale Barding Armor
30:40 Forging
33:38 Imperial Age
30:56 Loom
33:17 Chain Barding Armor
33:32 Iron Casting
34:05 Elite Mameluke
35:09 Conscription
35:41 Plate Barding Armor
35:43 Bloodlines
35:33 Husbandry
36:28 Light Cavalry
39:45 Blast Furnace
38:35 Capped Ram
42:48 Siege Ram
43:57 Hussar
hondayu
12:25 Feudal Age
17:13 Castle Age
16:22 Bloodlines
16:35 Scale Barding Armor
18:12 Horse Collar
20:54 Forging
25:58 Fletching
27:24 Double-Bit Axe
27:43 Heavy Plow
28:55 Chain Barding Armor
33:18 Wheelbarrow
33:30 Iron Casting
35:15 Bow Saw
36:11 Bodkin Arrow
36:17 Stone Mining
36:18 Gold Mining
45:49 Imperial Age
43:07 Town Watch
43:38 Hand Cart
48:42 Imperial Age
55:20 Blast Furnace
Red Hood
11:47 Feudal Age
14:10 Loom
14:55 Double-Bit Axe
17:32 Castle Age
17:38 Loom
20:39 Horse Collar
23:06 Bloodlines
23:29 Husbandry
23:59 Fletching
27:43 Thumb Ring
27:43 Padded Archer Armor
27:39 Bodkin Arrow
31:25 Leather Archer Armor
41:13 Imperial Age
39:32 Gold Mining
39:55 Bow Saw
FoxyWaves
11:34 Feudal Age
10:23 Horse Collar
10:31 Double-Bit Axe
11:36 Wheelbarrow
12:40 Gold Mining
13:05 Bow Saw
13:46 Heavy Plow
15:51 Gold Shaft Mining
16:48 Gold Shaft Mining
20:19 Castle Age
20:34 Gold Shaft Mining
20:13 Scale Barding Armor
21:54 Husbandry
21:34 Light Cavalry
24:19 Stone Mining
25:39 Two-Man Saw
28:17 Forging
32:57 Chain Barding Armor
35:41 Imperial Age
39:50 Hand Cart
39:21 Town Watch
42:32 Burgundian Vineyards
42:32 Murder Holes
42:47 Masonry
42:43 Town Patrol
43:26 Elite Coustillier
雷欧
10:16 Feudal Age
13:57 Castle Age
12:02 Double-Bit Axe
12:10 Domestication
14:29 Loom
18:28 Wheelbarrow
20:32 Bow Saw
20:45 Pastoralism
22:58 Hand Cart
22:45 Gold Mining
25:45 Town Watch
28:52 Imperial Age
26:30 Scale Barding Armor
27:59 Chain Barding Armor
27:41 Husbandry
30:53 Plate Barding Armor
30:28 Forging
29:52 Elite Steppe Lancer
30:34 Treadmill Crane
31:00 Siege Engineers
31:24 Stone Mining
32:41 Two-Man Saw
32:45 Guilds
33:12 Transhumance
33:36 Capped Ram
36:02 Iron Casting
35:17 Fletching
40:35 Ordo Cavalry
40:50 Conscription
40:36 Lamellar Armor
49:16 Bodkin Arrow
48:51 Light Cavalry
49:36 Hussar
Exteme77
1:12 Loom
10:33 Feudal Age
19:53 Castle Age
18:47 Double-Bit Axe
19:29 Pikeman
51:03 Bow Saw
Connection lost

Rejoining the realm…

Still unreachable

The connection could not be restored.

Session expired

The server has moved on; the page needs a fresh start.